 Dungeon Crawl Stone Soup version 0.19.5 (webtiles) character file.

499 equalderp2856 the Scratcher (level 6, 0/28 HPs)
             Began as a Felid Fighter on Apr 2, 2017.
             Slain by a killer bee (7 damage)
             ... on level 6 of the Dungeon.
             The game lasted 00:24:03 (6689 turns).

equalderp2856 the Scratcher (Felid Fighter)         Turns: 6689, Time: 00:24:04

Health: 0/28       AC:  2    Str: 13    XL:     6   Next: 94%
Magic:  6/13       EV: 21    Int: 10    God:
Gold:   266        SH:  0    Dex: 16    Spells: 4 memorised, 5 levels left
                                        Lives:  0   Deaths: 2

rFire  . . .     SeeInvis +       - Unarmed
rCold  . . .     Gourm    .     (armour unavailable)
rNeg   . . .     Faith    .     (shield unavailable)
rPois  .         Spirit   .     (helmet unavailable)
rElec  .         Reflect  .     (cloak unavailable)
rCorr  .         Harm     .     (gloves unavailable)
MR     .....                    (boots unavailable)
Stlth  ++++......               h - amulet of regeneration
                                (no ring)
                                (no ring)

@: lethally poisoned (0 -> -2), quick
A: no armour, no weapons or thrown items, stealth, claws 1, fangs 3, see
invisible, carnivore 3, speed 1, shaggy fur 2, slow metabolism 1, sharp paws
a: no special abilities


You were on level 6 of the Dungeon.
You were not hungry.

You visited 1 branch of the dungeon, and saw 8 of its levels.

You collected 266 gold pieces.

Inventory:

Missiles
 a - 34 arrows
 t - 15 poisoned needles
 u - 221 stones
 v - 34 bolts
 w - 114 sling bullets
Jewellery
 h - an amulet of regeneration (around neck)
 j - an uncursed amulet of rage
 o - an uncursed ring of fire {unknown}
 C - an uncursed ring of fire {unknown}
 F - an uncursed amulet of faith {unknown}
 I - an uncursed ring of magical power {unknown}
Wands
 y - a wand of slowing (37/48)
Scrolls
 d - a scroll of noise {unknown}
 e - a scroll of magic mapping {unknown}
 k - a scroll of fog {unknown}
 l - a scroll of remove curse {unknown}
 m - 2 scrolls of teleportation {unknown}
 q - 3 scrolls of immolation {unknown}
 r - 4 scrolls of enchant armour {unknown}
 s - 3 scrolls of amnesia {unknown}
 x - 2 scrolls of fear {unknown}
 A - 5 scrolls of random uselessness {unknown}
 B - a scroll of blinking {unknown}
 D - a scroll of vulnerability {unknown}
 E - 3 scrolls of identify {unknown}
 G - 2 scrolls of recharging {unknown}
Potions
 c - a potion of ambrosia
 g - a potion of agility {unknown}
 i - a potion of cure mutation {unknown}
 p - 2 potions of degeneration {unknown}
 z - a potion of curing
 H - a potion of mutation {unknown}
 K - 2 potions of flight {unknown}
Books
 n - a book of Maledictions

   Spells                             Type                      Level
   a - Corona                         Hexes                        1
   b - Ensorcelled Hibernation        Hexes/Ice                    2
   c - Confuse                        Hexes                        3
   d - Tukima's Dance                 Hexes                        3
   e - Dazzling Spray                 Conjuration/Hexes            3
 L - a book of Minor Magic

   Spells                             Type                      Level
   a - Magic Dart                     Conjuration                  1
   b - Blink                          Translocation                2
   c - Call Imp                       Summoning                    2
   d - Repel Missiles                 Charms/Air                   2
   e - Slow                           Hexes                        2
   f - Conjure Flame                  Conjuration/Fire             3
   g - Mephitic Cloud                 Conjuration/Poison/Air       3
Comestibles
 b - 4 meat rations
 f - 3 beef jerkies


   Skills:
 + Level 3.3 Fighting
 + Level 5.5 Dodging
 + Level 5.5 Stealth
 + Level 6.1 Unarmed Combat
 + Level 4.3 Spellcasting
 + Level 6.1 Hexes
 + Level 0.8 Translocations
 + Level 2.3 Ice Magic


You had 5 spell levels left.
You knew the following spells:

 Your Spells              Type           Power        Failure   Level  Hunger
a - Corona                Hex            ##.....      1%          1    #......
b - Ensorcelled Hibernat  Hex/Ice        ##....       10%         2    ##.....
c - Confuse               Hex            ##......     8%          3    ###....
d - Blink                 Tloc           N/A          30%         2    ##.....


Dungeon Overview and Level Annotations

Branches:
Dungeon (8/15)             Temple (0/1) D:7
   Lair: D:8-11

Altars:
Cheibriados
Dithmenos
Fedhas
Yredelemnul
Zin
The Shining One

Shops:
D:5 !   D:7 *   D:8 (

Annotations:
D:2 Sigmund
D:3 Lucio's ghost, amateur DrBe
D:6 Lucio's ghost, novice DrAE
D:7 Joseph; Lucio's ghost, novice DrBe


Innate Abilities, Weirdness & Mutations

You cannot wear armour.
You are incapable of wielding weapons or throwing items.
Your paws allow you to move quietly. (Stealth)
You have sharp claws.
You have razor-sharp teeth.
You have supernaturally acute eyesight. (SInv)
You are carnivorous and can eat meat at any time.
You cover ground quickly.
You are covered in thick fur. (AC +2)
You have a slow metabolism.
Your sharp claws are effective at attacking unaware monsters.


Message History

The killer bee poisons you!
You miss the killer bee.
The killer bee is heavily wounded.
You feel sick.
The killer bee stops glowing.
The killer bee stings you.
You are more poisoned.
The killer bee poisons you!
You scratch the killer bee. You bite the killer bee.
The killer bee is almost dead.
You feel sick.
The killer bee completely misses you. x2
You miss the killer bee.
The killer bee is almost dead.
You feel sick.
The killer bee stings you but does no damage.
The crimson imp laughs crazily.
The killer bee stings you.
* * * LOW HITPOINT WARNING * * *
You barely miss the killer bee.
The killer bee is almost dead.
The killer bee closely misses you. The killer bee stings you!
You die...

###### #....#
#######....#
#....##....#
#....##....#
#....##....#
#########....##....#
#.......#....##....###
#.....>5y@...''....).#
#.......#....##....#.#
#.......#....#######.#
#.............# #.#
#####..#......######.#
##................#
#..#.......#####..#
##.##..##########..#
#..##...........#.>#


You could see a killer bee and a crimson imp.

Vanquished Creatures
  A black bear (D:7)
  A phantom (D:4)
  2 sky beasts
  3 ogres
  2 centaurs (D:6)
  2 howler monkeys
  2 crimson imps
  3 hounds
  2 iguanas
  Ijyb (D:2)
  A worker ant (D:5)
  A hound skeleton (D:4)
  3 adders
  3 gnolls (D:4)
  A shadow imp (D:5)
  A white imp (D:5)
  An ooze (D:4)
  An adder skeleton (D:5)
  4 worms
  2 dart slugs
  3 leopard geckos
  9 orcs
  4 bats
  4 giant cockroaches
  10 goblins
  6 hobgoblins
  11 jackals
  6 kobolds
  3 quokkas
  A ball python (D:5)
  8 frilled lizards
  2 goblin skeletons (D:5)
  A goblin zombie (D:5)
  A kobold skeleton (D:5)
  A kobold zombie (D:5)
  An orc skeleton (D:5)
  An orc zombie (D:5)
  4 rats
113 creatures vanquished.

Notes
Turn   | Place    | Note
-------+----------+-------------------------------------------
     0 | D:1      | equalderp2856 the Felid Fighter began the quest for the Orb.
     0 | D:1      | Reached XP level 1. HP: 10/10 MP: 2/2
   223 | D:1      | Reached XP level 2. HP: 11/14 MP: 3/3
   817 | D:2      | Reached XP level 3. HP: 17/17 MP: 4/4
   834 | D:2      | Learned a level 1 spell: Corona
   901 | D:2      | Reached skill level 1 in Stealth
  1293 | D:2      | Noticed Sigmund
  1490 | D:2      | Reached skill level 1 in Hexes
  1584 | D:2      | Found a basalt altar of Yredelemnul.
  1584 | D:2      | Found a blossoming altar of Fedhas.
  1900 | D:3      | Reached XP level 4. HP: 21/21 MP: 5/5
  1905 | D:3      | Learned a level 2 spell: Ensorcelled Hibernation
  1925 | D:3      | Noticed Lucio's ghost (amateur DrBe)
  2367 | D:2      | Noticed Ijyb
  2371 | D:2      | Killed Ijyb
  2479 | D:2      | Reached skill level 1 in Spellcasting
  2912 | D:4      | Noticed an ogre
  2993 | D:4      | Reached skill level 5 in Unarmed Combat
  2997 | D:4      | Killed an ogre
  2997 | D:4      | Reached XP level 5. HP: 24/24 MP: 0/8
  3375 | D:4      | Noticed a phantom
  3450 | D:4      | Killed a phantom
  3450 | D:4      | Reached skill level 5 in Dodging
  3450 | D:4      | Reached skill level 1 in Ice Magic
  3450 | D:4      | Gained mutation: You are covered in thick fur. (AC +2) [Felid growth]
  3450 | D:4      | Reached XP level 6. HP: 28/28 MP: 0/10
  4312 | D:5      | Entered Level 5 of the Dungeon
  4381 | D:5      | Found Zapuud's Distillery.
  4408 | D:5      | Noticed a sky beast
  4457 | D:5      | Killed a sky beast
  4457 | D:5      | Reached XP level 7. HP: 31/31 MP: 8/12
  4548 | D:5      | Found a shadowy altar of Dithmenos.
  4771 | D:5      | Found a glowing golden altar of the Shining One.
  5135 | D:5      | You fall through a shaft for 3 floors!
  5137 | D:8      | Found a glowing silver altar of Zin.
  5158 | D:8      | Found Feoblat's Antique Weapon Boutique.
  5214 | D:7      | Found a staircase to the Ecumenical Temple.
  5399 | D:7      | Learned a level 3 spell: Confuse
  5402 | D:7      | Learned a level 2 spell: Blink
  5469 | D:7      | Noticed Lucio's ghost (novice DrBe)
  5505 | D:7      | Found a snail-covered altar of Cheibriados.
  5723 | D:7      | Found Hann's Assorted Antiques.
  5846 | D:7      | Noticed Joseph
  5924 | D:7      | Shot with a sling bullet by Joseph
  5925 | D:7      | Reached XP level 6. HP: -3/28 MP: 12/12
  5935 | D:7      | Reached skill level 5 in Hexes
  5935 | D:7      | Reached XP level 7. HP: 31/31 MP: 8/13
  5972 | D:7      | Noticed a hippogriff
  6138 | D:6      | Reached skill level 5 in Stealth
  6303 | D:6      | Noticed Lucio's ghost (novice DrAE)
  6328 | D:6      | Killed from afar by Lucio's ghost
  6329 | D:6      | Reached XP level 6. HP: -7/28 MP: 11/13
  6689 | D:6      | Slain by a killer bee

Skill      XL: |  1  2  3  4  5  6  7 |
---------------+----------------------+-----
Stealth        | 1 2 3 4 5 |  5.5
Hexes          | 1 2 3 5 6 |  6.1
Spellcasting   | 1 2 4 |  4.3
Unarmed Combat | 5 6 |  6.1
Dodging        | 5 |  5.5
Ice Magic      | 1 2 |  2.3
Fighting       | |  3.3
Translocations | |  0.8

Action                   |  1- 3 |  4- 6 |  7- 9 || total
-------------------------+-------+-------+-------++-------
Melee: Unarmed           |   123 |    86 |    91 ||   300
       Bite              |    10 |     6 |    11 ||    27
       Punch             |     1 |     1 |     1 ||     3
 Cast: Corona            |     8 |    22 |    26 ||    56
       Ensorcelled Hiber |       |    30 |    15 ||    45
       Confuse           |       |       |     4 ||     4
       Blink             |       |       |     2 ||     2
  Use: Potion            |       |     1 |     2 ||     3
 Stab: Sleeping          |     3 |    18 |     7 ||    28
  Eat: Chunk             |     1 |    14 |     7 ||    22
       Royal jelly       |       |     1 |       ||     1
Armor: Skin              |     4 |     3 |     8 ||    15
Dodge: Dodged            |   100 |    74 |    74 ||   248
